 Dungeon Crawl Stone Soup version 0.31.0-4-g52a2dc7128 (console) character file.

Game seed: 8989047764790001021

42 AlterAsc the Changeling (level 3, -2/27 HPs)
             Began as a Spriggan Shapeshifter on Jan 21, 2024.
             Incinerated by a bombardier beetle (6 damage)
             ... with a burning spray
             ... on level 3 of the Dungeon.
             The game lasted 00:03:28 (1626 turns).

AlterAsc the Changeling (Spriggan Shapeshifter)     Turns: 1626, Time: 00:03:28

Health: -2/27      AC: 21    Str: 10    XL:     3   Next: 35%
Magic:  4/4        EV:  4    Int: 11    God:
Gold:   75         SH:  0    Dex: 16    Spells: 2/2 levels left

rFire   . .          .
                       - Unarmed
rCold   . . .        (no shield)
rNeg    . . .        a - melded +0 animal skin
rPois   +            (helmet currently unavailable)
rElec   .            (cloak currently unavailable)
rCorr   .            (gloves unavailable)
SInv    +            (boots unavailable)
Will    .....        m - amulet of the acrobat
Stlth   +            n - +5 ring of evasion
HPRegen 0.24/turn    (no ring)
MPRegen 0.09/turn

%: acrobat
@: on fire, tree-form, glowing
A: stationary, stasis, torment immunity, boosted hp, very small, no large
weapons, unfitting armour, see invisible, (speed 3)
a: no special abilities


You were on level 3 of the Dungeon.
You were a tree.
You visited 1 branch of the dungeon, and saw 3 of its levels.

You collected 75 gold pieces.

Inventory:

Missiles
 f - 6 stones (quivered)
 k - an atropa-tipped dart
Armour
 a - a +0 animal skin (melded)
Jewellery
 g - an amulet of magic regeneration
 m - an amulet of the acrobat (around neck)
 n - a +5 ring of evasion (left branch)
Talismans
 c - a beast talisman
 d - a flux talisman
Scrolls
 e - 2 scrolls of teleportation {unknown}
 h - a scroll of vulnerability {unknown}
 j - 3 scrolls of fog {unknown}
 l - a scroll of blinking {unknown}
 p - a scroll of immolation {unknown}
 q - a scroll of revelation {unknown}
Potions
 i - a potion of heal wounds {unknown}
 o - a potion of haste {unknown}


   Skills:
 * Level 1.7 Fighting
 + Level 3.2 Dodging
 + Level 2.7 Unarmed Combat
 + Level 4.4 Shapeshifting


You had 2 spell levels left.
You didn't know any spells.
Your spell library was empty.

Dungeon Overview and Level Annotations

Branches:
Dungeon (3/15)

Altars:
Kikubaaqudgha


Innate Abilities, Weirdness & Mutations

You are a tree.
Your roots penetrate the ground, keeping you stationary.
You cannot be teleported.
You are immune to unholy pain and torment.
Your maximum health is greatly increased.
Your equipment is partially melded.
You are very small and have problems with some larger weapons.
You are too small for most types of armour.
You have supernaturally acute eyesight. (SInv)
((You cover ground extremely quickly. (Speed+++)))


Message History

No target in view!
No target in view!
A quokka comes into view.
You hit the bombardier beetle but do no damage.
The bombardier beetle closely misses you.
You hit the bombardier beetle.
The bombardier beetle is moderately wounded.
The bombardier beetle is no longer blind.
The quokka misses you. The quokka bites you.
You hit the bombardier beetle.
The bombardier beetle is heavily wounded.
The bombardier beetle misses you. The quokka misses you.
You hit the bombardier beetle.
The bombardier beetle is severely wounded.
The quokka completely misses you.
You hit the bombardier beetle.
The bombardier beetle is severely wounded.
The bombardier beetle sprays incendiary fluid at you.
The burning spray hits you.
You are covered in liquid fire!
The quokka bites you.
You barely miss the bombardier beetle.
The bombardier beetle is severely wounded.
The liquid fire burns you!
* * * LOW HITPOINT WARNING * * *
The quokka bites you.
* * * LOW HITPOINT WARNING * * *
The bombardier beetle completely misses you.
You completely miss the bombardier beetle.
The bombardier beetle is severely wounded.
The liquid fire burns you!
* * * LOW HITPOINT WARNING * * *
The quokka completely misses you.
Really quaff the potion of lignification?
Your transformation has ended.
You turn into a tree.
Your +0 animal skin melds into your body.
Your roots penetrate the ground.
The liquid fire burns you!
You die...

#.. #.#
#.# #.#
### #.#
#.#
...#.###.#
#.#...#.#
#.....#.#
#<..#.####
##.##.r..#
#....♣B(#
#########


You could see a bombardier beetle and a quokka.

Vanquished Creatures
  An adder (D:2)
  A dart slug (D:1)
  A ribbon worm (D:2)
  3 bats
  2 endoplasms (D:1)
  A giant cockroach (D:1)
  A goblin (D:1)
  4 hobgoblins
  5 quokkas
  A ball python (D:2)
  3 frilled lizards
  3 kobolds
26 creatures vanquished.

Notes
Turn   | Place    | Note
-------+----------+-------------------------------------------
     0 | D:1      | AlterAsc the Spriggan Shapeshifter began the quest for the
                  | Orb.
     0 | D:1      | Reached XP level 1. HP: 9/9 MP: 2/2
   183 | D:1      | Reached skill level 1 in Fighting
   329 | D:1      | Reached XP level 2. HP: 12/14 MP: 3/3
  1362 | D:2      | Found an ancient bone altar of Kikubaaqudgha.
  1374 | D:2      | Reached XP level 3. HP: 17/18 MP: 4/4
  1626 | D:3      | Incinerated by a bombardier beetle

Illustrated notes

Levels and vault maps discovered:
D:1:      onia_arrival_mini_maze, layout_loops_cross
D:2:      layout_loops_cross, basic_altar
D:3:      layout_basic, nicolae_wu_jian_glorious_leap,
          mainiacjoe_overflow_six_doors_small, basic_ecumenical_altar

Skill      XL: |  1  2 |
---------------+-------+-----
Fighting       | 1 |  1.7
Dodging        | 3 |  3.2
Unarmed Combat | |  2.7
Shapeshifting  | |  4.4

Action                     || total
---------------------------++-------
  Melee: Unarmed           ||    97
  Throw: Stone             ||    16
         Dart              ||     1
    Use: Potion            ||     1
   Stab: Sleeping          ||     2
 Armour: Animal skin       ||    33
  Dodge: Dodged            ||    82
